AoeStats
← [GG] Shevchenko 7

Arena

508996004Analyzed
1v1 RM · 8d ago on Sep 25, 2026· 16m 23s· 2 players
Game mode
Random Map
Map size
Tiny (2 player)
Population
200
Speed
Normal
Resources
Standard
Victory
Conquest
Starting age
Dark Age
Ending age
Imperial Age
RankedLock teamsTeams togetherTeam positionsShared explorationLock speedFull tech treeHidden civsTurbo modeCheats
Victory
Defeat
🇧🇷 Portuguese · Brazil
1075
+15
🇮🇳 Franks · India
1045
-15
Sad Eyes
10:25 Feudal Age
14:28 Castle Age
12:38 Double-Bit Axe
13:29 Loom
[GG] Shevchenko 7
10:09 Feudal Age
9:30 Loom
14:13 Castle Age
13:08 Double-Bit Axe
Connection lost

Rejoining the realm…

Still unreachable

The connection could not be restored.

Session expired

The server has moved on; the page needs a fresh start.